 Dungeon Crawl Stone Soup version 0.32-a0-913-g739538afd8 (webtiles) character file.

Game seed: 8661154742288072239

3451 bronco the Destroyer (level 9, -9/105 HPs)
             Began as a Mountain Dwarf Monk on Apr 8, 2024.
             Was a Believer of Vehumet.
             Succumbed to a water moccasin's poison
             ... on level 7 of the Dungeon.
             The game lasted 00:27:35 (8070 turns).

bronco the Destroyer (Mountain Dwarf Monk)          Turns: 8070, Time: 00:27:36

Health: -9/105     AC: 24    Str: 14    XL:     9   Next: 78%
Magic:  36/36      EV:  2    Int: 15    God:    Vehumet [**....]
Gold:   365        SH:  5    Dex: 12    Spells: 17/20 levels left

rFire   . . .        o - +0 double sword (elec)
rCold   . . .        d - orb {light}
rNeg    . . .        h - melded +4 ring mail of Sahan {Dex+3}
rPois   +            (helmet currently unavailable)
rElec   .            s - melded +0 cloak
rCorr   .            F - melded +0 pair of gloves
SInv    .            (boots currently unavailable)
Will    .....        B - amulet of reflection
Stlth   +            e - ring of magical power
HPRegen 0.37/turn    p - ring of magical power
MPRegen 0.25/turn

%: reflection
@: brilliant, lethally poisoned (-9 -> -40), tree-form, attractive, glowing
A: stationary, stasis, torment immunity, boosted hp, runic magic, artefact
enchanting
a: Renounce Religion


You were on level 7 of the Dungeon.
You worshipped Vehumet.
Vehumet was pleased with you.
You were a tree.
You visited 1 branch of the dungeon, and saw 7 of its levels.

You collected 393 gold pieces.
You spent 28 gold pieces at shops.

Inventory:

Hand Weapons
 l - a +0 short sword of venom
 o - a +0 double sword of electrocution (weapon)
 q - a +0 scimitar
 y - a +1 rapier of draining
Missiles
 g - 26 stones
 n - 2 curare-tipped darts
 t - 11 poisoned darts
 w - 3 datura-tipped darts
 D - 4 atropa-tipped darts
Armour
 b - +0 swamp dragon scales
 d - an orb of light (worn)
 h - the +4 ring mail of Sahan (melded) {Dex+3}
   (You found it on level 4 of the Dungeon)

   Dex+3:     It affects your dexterity (+3).
 s - a +0 cloak (melded)
 u - the +1 leather armour of the Shining Light {rC- rN+ Int+3}
   (You found it on level 2 of the Dungeon)

   Int+3:     It affects your intelligence (+3).
   rC-:       It makes you vulnerable to cold.
   rN+:       It protects you from negative energy.
 F - a +0 pair of gloves (melded)
Jewellery
 e - a ring of magical power (left branch)
 i - a ring of fire
 p - a ring of magical power (right branch)
 B - an amulet of reflection (around neck)
Wands
 A - a wand of roots (16)
 C - a wand of mindburst (9)
 H - a wand of flame (17)
Scrolls
 c - 3 scrolls of brand weapon
 j - a scroll of poison
 k - 3 scrolls of teleportation
 G - a scroll of summoning
Potions
 f - 2 potions of haste
 m - 2 potions of degeneration
 z - 4 potions of enlightenment
 E - a potion of brilliance


   Skills:
 - Level 3.2 Fighting
 - Level 3.6 Axes
 - Level 2.1 Dodging
 + Level 6.4 Spellcasting
 - Level 8.6 Conjurations
 - Level 7.8 Fire Magic


You had 17 spell levels left.
You knew the following spells:

 Your Spells              Type           Power      Damage    Failure   Level
a - Foxfire               Conj/Fire      100%       2x1d9     1%          1
b - Scorch                Fire           84%        2d8       1%          2

Your spell library contained the following spells:

 Spells                   Type           Power      Damage    Failure   Level
 Stone Arrow              Conj/Erth      52%        3d10      7%          3
 Dazzling Flash           Conj/Hex       52%        N/A       7%          3
 Mephitic Cloud           Conj/Alch/Air  20%        N/A       13%         3
 Starburst                Conj/Fire      22%        6d7       58%         6
 Curse of Agony           Necr           7%         N/A       98%         5
 Silence                  Hex/Air        3%         N/A       98%         5
 Bombard                  Conj/Erth      13%        9d3       98%         6
 Plasma Beam              Fire/Air       12%        2x1d23    99%         6


Dungeon Overview and Level Annotations

Branches:
Dungeon (7/15)             Temple (0/1) D:6

Altars:
Cheibriados
Fedhas
Makhleb
Qazlal
Ru
Trog
Vehumet
Yredelemnul
Zin

Shops:
D:5 =?*


Innate Abilities, Weirdness & Mutations

You are a tree.
Your roots penetrate the ground, keeping you stationary.
You cannot be teleported.
You are immune to unholy pain and torment.
Your maximum health is greatly increased.
Your equipment is partially melded.
Your spellcasting is much less encumbered by armour.
You can use scrolls of enchantment on lesser artefacts.


Message History

The gnoll barely misses you.
The gnoll hits you from afar with a +0 spear.
* * * LOW HITPOINT WARNING * * *
The water moccasin bites you but does no damage.
Unknown command.
Casting: Scorch (safe; 1% risk of failure)
Confirm with . or Enter, or press ? or * to list all spells.
You feel a surge of power!
Flames lash the gnoll.
The gnoll is heavily wounded.
The gnoll's fire resistance burns away.
The water moccasin bites you but does no damage.
The gnoll barely misses you. The gnoll hits you but does no damage.
Unknown command.
You barely miss the water moccasin.
The water moccasin is severely wounded.
The water moccasin bites you but does no damage.
The gnoll hits you but does no damage. x2
The water moccasin bites you but does no damage.
The gnoll hits you but does no damage.
The gnoll hits you from afar with a +0 spear.
* * * LOW HITPOINT WARNING * * *
Unknown command.
Casting: Scorch (safe; 1% risk of failure)
Confirm with . or Enter, or press ? or * to list all spells.
You feel a surge of power!
Flames lash the gnoll.
The gnoll is burned terribly!
You kill the gnoll!
Vehumet accepts your kill.
You feel your power returning. The water moccasin bites you.
* * * LOW HITPOINT WARNING * * *
You are lethally poisoned!
The water moccasin poisons you! The water moccasin bites you.
* * * LOW HITPOINT WARNING * * *
You are more poisoned.
The water moccasin poisons you!
The gnoll hits you from afar with a +0 halberd.
* * * LOW HITPOINT WARNING * * *
You slash the water moccasin!
You kill the water moccasin!
Vehumet accepts your kill.
You die...

#######.###.#####
###
................#
#####.......###.#
#....##..# #.#
#..####..# #.#
#..# #..# #.#
#..# #..# #.#
?.####..####..#
#.#
.....))♣......#
#.#
.....g).#.##.##
#.######
#.#.###.#....#
#....... # #. #.#
##.# ######## #
#.# # #.# #.. ###


You could see a gnoll (combustible).

Vanquished Creatures
  Maurice (D:7)
  Maggie (D:6)
  Sigmund (D:3)
  Eustachio (D:4)
  A water moccasin (D:7)
  An acid dragon (D:7)
  3 ice beasts
  2 sky beasts (D:6)
  A black bear (D:7)
  4 ogres
  A bullfrog (D:7)
  2 scorpions
  4 wights (D:7)
  3 electric eels (D:6)
  2 howler monkeys (D:5)
  5 hounds
  4 bombardier beetles
  An orc priest (D:7)
  Crazy Yiuf (D:5)
  2 sleepcaps
  2 gnoll boudas
  2 orc wizards
  4 iguanas
  13 gnolls
  7 adders
  2 shadow imps
  2 dart slugs
  3 ribbon worms
  20 orcs
  6 bats
  7 endoplasms
  6 giant cockroaches
  7 goblins
  12 hobgoblins
  4 jackals (D:1)
  6 kobolds
  5 quokkas
  5 ball pythons (D:2)
  5 frilled lizards
  6 rats
165 creatures vanquished.

Vanquished Creatures (others)
  134 foxfires
134 creatures vanquished.

Grand Total: 299 creatures vanquished

Notes
Turn   | Place    | Note
-------+----------+-------------------------------------------
     0 | D:1      | bronco the Mountain Dwarf Monk began the quest for the Orb.
     0 | D:1      | Reached XP level 1. HP: 19/19 MP: 1/1
    99 | D:1      | Reached skill level 1 in Spellcasting
   102 | D:1      | Reached XP level 2. HP: 25/26 MP: 3/3
   802 | D:1      | Reached XP level 3. HP: 27/31 MP: 6/6
  1077 | D:2      | Found a bloodstained altar of Trog.
  1296 | D:2      | Identified the +1 leather armour of the Shining Light {rC-
                  | rN+ Int+3}
  2025 | D:3      | Reached XP level 4. HP: 22/38 MP: 8/8
  2421 | D:3      | Noticed Sigmund
  2444 | D:3      | Killed Sigmund
  2445 | D:3      | Reached XP level 5. HP: 41/45 MP: 12/12
  2472 | D:3      | Reached XP level 6. HP: 51/51 MP: 13/13
  2558 | D:3      | Reached skill level 5 in Spellcasting
  3104 | D:4      | Noticed an ice beast
  3146 | D:4      | Identified the +4 ring mail of Sahan {Dex+3}
  3385 | D:4      | Learned a level 1 spell: Foxfire
  3434 | D:4      | Got Saiw's Omnibus of the Puissant Dragon
  3445 | D:4      | Learned a level 2 spell: Scorch
  3688 | D:4      | Reached skill level 1 in Fire Magic
  3923 | D:4      | Reached XP level 7. HP: 28/57 MP: 15/15
  4390 | D:4      | You fall into a shaft and drop 2 floors!
  4407 | D:5      | Entered Level 5 of the Dungeon
  4407 | D:5      | Found Zorahuwi's General Store.
  4407 | D:5      | Found Vomojy's Magic Scroll Emporium.
  4407 | D:5      | Found Fuju Xyq's Jewellery Emporium.
  4409 | D:5      | Bought a scroll of identify for 28 gold pieces
  4544 | D:5      | Reached skill level 5 in Fire Magic
  4735 | D:5      | Noticed Eustachio
  5203 | D:4      | Killed Eustachio
  5204 | D:4      | Reached XP level 8. HP: 49/63 MP: 8/16
  5341 | D:5      | Reached skill level 1 in Conjurations
  5528 | D:5      | Found a runed translucent door.
  5529 | D:5      | Noticed Crazy Yiuf
  5794 | D:6      | Reached skill level 2 in Conjurations
  5815 | D:6      | Reached skill level 3 in Conjurations
  5882 | D:6      | Found a transporter.
  6288 | D:6      | Found a transporter.
  6309 | D:6      | Noticed Maggie
  6327 | D:6      | Killed Maggie
  6328 | D:6      | Reached skill level 5 in Conjurations
  6505 | D:6      | Found a stormy altar of Qazlal.
  6506 | D:6      | Found a snail-covered altar of Cheibriados.
  6507 | D:6      | Found a blossoming altar of Fedhas.
  6512 | D:6      | Found a sacrificial altar of Ru.
  6515 | D:6      | Found a radiant altar of Vehumet.
  6518 | D:6      | Found a basalt altar of Yredelemnul.
  6521 | D:6      | Found a burning altar of Makhleb.
  6522 | D:6      | Found a glowing silver altar of Zin.
  6523 | D:6      | Became a worshipper of Vehumet
  6523 | D:6      | Reached * piety under Vehumet
  6523 | D:6      | Offered knowledge of Shock by Vehumet.
  6523 | D:6      | Reached ** piety under Vehumet
  6647 | D:6      | Found a staircase to the Ecumenical Temple.
  6655 | D:6      | Offered knowledge of Freeze by Vehumet.
  6656 | D:6      | Reached skill level 6 in Conjurations
  6656 | D:6      | Reached XP level 9. HP: 63/70 MP: 17/17
  7041 | D:7      | Reached skill level 7 in Conjurations
  7118 | D:7      | Noticed Maurice
  7127 | D:7      | Killed Maurice
  7388 | D:5      | Killed Crazy Yiuf
  7389 | D:5      | Reached skill level 8 in Conjurations
  7896 | D:7      | Offered knowledge of Stone Arrow by Vehumet.
  8064 | D:7      | HP: 4/105 [gnoll/+0 halberd (2)]
  8069 | D:7      | HP: 3/105 [water moccasin (1)]
  8069 | D:7      | HP: 1/105 [gnoll/+0 halberd (1)]
  8070 | D:7      | Succumbed to a water moccasin's poison

Illustrated notes

Levels and vault maps discovered:
D:1:      dpeg_arrival_oval, layout_basic
D:2:      layout_basic, basic_altar, serial_bayou_ford_a, dk_noncrumbling_3
D:3:      layout_loops_corners, minmay_fractal_squares_diagonal_5, uniq_sigmund
D:4:      layout_basic, nicolae_half_adder
D:5:      layout_rooms, nicolae_shop_distant_corner_stores,
          uniq_crazy_yiuf_cottage, uniq_eustachio
D:6:      gammafunk_steamed_eel, layout_basic,
          nicolae_overflow_hallway_of_the_gods, temple_statues, serial_rivers,
          chequers_serial_rivers_marsh, chequers_serial_rivers_small_3,
          chequers_serial_rivers_small_b, chequers_serial_rivers_micro_d,
          chequers_serial_rivers_large_a, eino_curves_04, uniq_maggie
D:7:      minmay_evil_eye, layout_loops_ring, gammafunk_ghost_nasty_kobolds,
          uniq_maurice

Skill      XL: |  1  2  3  4  5  6  7  8  9 |
---------------+----------------------------+-----
Spellcasting   | 1 2 3 4 5 6 |  6.4
Fire Magic     | 2 7 |  7.8
Conjurations   | 6 8 |  8.6
Fighting       | |  3.2
Axes           | |  3.6
Dodging        | |  2.1

Action                     |  1- 3 |  4- 6 |  7- 9 || total
---------------------------+-------+-------+-------++-------
  Melee: Hand axe          |    71 |       |       ||    71
         Short sword       |    49 |       |       ||    49
         Double sword      |    11 |    73 |   124 ||   208
  Throw: Stone             |    13 |       |       ||    13
         Dart              |       |    11 |     4 ||    15
   Cast: Foxfire           |       |    12 |    77 ||    89
         Scorch            |       |     2 |    73 ||    75
  Evoke: Wand              |       |       |     4 ||     4
    Use: Scroll            |       |     6 |    10 ||    16
         Potion            |       |     1 |     5 ||     6
 Armour: Robe              |    50 |       |       ||    50
         Ring mail         |    74 |    88 |   162 ||   324
         Skin              |       |       |    27 ||    27
  Dodge: Dodged            |    89 |    73 |    99 ||   261

Table legend: (Time is in decaauts)
 A = Elapsed time spent in this place.
 B = Non-inter-level travel time spent in this place.
 C = Inter-level travel time spent in this place.
 D = Time resting spent in this place.
 E = Time spent auto-exploring this place.
 F = Levels seen in this place.
 G = Mean time per level.
                   A        B        C        D        E       F      G
               +--------+--------+--------+--------+--------+-----+--------+
         Total |   8214 |   7828 |    386 |   1285 |   5031 |   7 | 1173.4 |
       Dungeon |   8214 |   7828 |    386 |   1285 |   5031 |   7 | 1173.4 |
               +--------+--------+--------+--------+--------+-----+--------+

Top non-repeatable levels by time:
     D:4: 1713 daAuts
     D:6: 1410 daAuts
     D:3: 1154 daAuts
     D:5: 1138 daAuts
     D:1: 1071 daAuts
     D:2: 919 daAuts
     D:7: 806 daAuts
